Get step-by-step instructions on how to execute this build order below. Start the game timer, and the build order will tick by so you can play in parallel with StarCraft on a second screen or mobile device.

Game Time

  0:00

Last Step

  N/A

Next Step

Upcoming Step



Don't want to look back and forth between 2 screens? Try out our Overwolf App, the Spawning Tool Build Advisor to get an in-game overlay with this build!

Complete Build Order

  12  0:09  Drone x2  
  14  0:17  Overlord  
  14  0:28  Overlord  
  14  0:43  Spawning Pool  
  14  0:46  Drone  
  14  0:55  Drone x2  
  16  1:02  Extractor  
  16  1:04  Drone  
  16  1:14  Drone  
  17  1:25  Drone  
  18  1:40  Drone  
  19  1:48  Hatchery  
  19  1:50  Spine Crawler  
  17  1:55  Drone, Spore Crawler  
  17  2:01  Drone  
  18  2:12  Lair  
  18  2:16  Drone  
  18  2:21  Drone  
  20  2:29  Drone  
  21  2:40  Extractor, Drone  
  21  2:51  Drone  
  22  3:13  Infestation Pit  
  22  3:16  Drone x3  
  22  3:17  Drone  
  25  3:33  Drone x3  
  29  3:34  Drone  
  29  3:35  Nydus Network  
  28  3:52  Hive  
  28  3:56  Drone x2  
  28  3:57  Drone  
  28  3:59  Drone  
  32  4:11  Evolution Chamber  
  32  4:12  Overlord  
  32  4:13  Evolution Chamber  
  30  4:20  Hatchery  
  30  4:23  Nydus Canal  
  29  4:27  Zergling x8  
  33  4:44  Drone x3  
  34  5:00  Zergling x4  
  34  5:01  Zergling x4  
  38  5:08  Zerg Melee Weapons Level 1  
  38  5:09  Ultralisk Cavern  
  37  5:27  Drone x4  
  41  5:30  Drone  
  42  5:36  Extractor  
  42  5:42  Drone x2, Extractor  
  43  5:43  Drone x2  
  43  5:44  Queen  
  46  5:50  Zerg Ground Armor Level 1  
  46  5:58  Overlord x3  
  46  5:59  Overlord  
  46  6:09  Drone x3  
  49  6:15  Drone  
  49  6:16  Drone  
  49  6:17  Drone  
  52  6:21  Chitinous Plating  
  52  6:44  Drone x4, Extractor  
  52  6:45  Drone x2, Extractor  
  56  6:50  Ultralisk  
  56  6:53  Nydus Canal  
  62  6:57  Drone x3  
  65  7:08  Nydus Canal  
  65  7:20  Ultralisk  
  65  7:21  Zergling x18  
  74  7:40  Anabolic Synthesis  
  74  7:41  Nydus Canal  
  74  7:47  Ultralisk  
  74  7:49  Overlord x6  
  76  8:19  Zergling x2  
  76  8:20  Zergling x14